Map: Eastwatch LE

Players

ShadyBear - Winner!

  • Race: Terran Terran
  • League: Gold
  • Spawn Location: 7:00

MorningLtMtn

  • Race: Zerg Zerg
  • League: Gold
  • Spawn Location: 1:00

VOD

Have the link to the VOD?

Description

PURPLE BUTTON IN THE UPPER RIGHT TO DOWNLOAD REPLAY
Otherwise Shadybear18 tab has my build

Time

  • Played on: April 28, 2018, 3:37 a.m.
  • Length: 7:17
Show
View Real Time Build Order
Export as new Build Order

ShadyBear Terran - Winner!

Build Orders: 1/1/1 

Get SALT Encoding   

  12  0:01  SCV  
  13  0:13  SCV  
  14  0:19  Supply Depot  
  14  0:25  SCV  
  15  0:29  Refinery  
  15  0:42  Barracks  
  15  0:45  SCV  
  16  0:54  Refinery  
  16  0:58  SCV  
  17  1:10  SCV  
  18  1:22  SCV  
  19  1:30  Factory  
  20  1:40  Orbital Command  
  19  1:50  Barracks  
  19  1:54  Marine  
  20  2:11  Marine  
  20  2:14  Starport  
  21  2:19  Supply Depot  
  21  2:21  Factory Tech Lab  
  21  2:41  Siege Tank  
  24  2:45  Marine  
  24  2:46  Marine  
  26  2:51  Medivac  
  26  2:55  Supply Depot  
  28  3:03  Marine x2  
  30  3:16  Siege Tank  
  33  3:21  Medivac  
  33  3:23  Marine  
  33  3:25  Marine  
  37  3:43  Supply Depot  
  37  4:00  Starport Tech Lab  
  37  4:01  Barracks Tech Lab  
  38  4:03  Barracks Reactor  
  38  4:06  Siege Tank  
  40  4:12  SCV  
  41  4:24  Combat Shields  
  41  4:34  Liberator  
  41  4:39  Hellion  
  43  4:48  SCV  
  47  4:59  Command Center  
  47  5:11  Supply Depot  
  47  5:23  Supply Depot  
  47  5:32  Marine x2  
  47  5:33  SCV, Hellion  
  52  5:40  Raven  
  54  5:54  Hellion, Refinery  
  54  5:56  Refinery  
  48  6:40  Marine x3  
  48  6:41  Cyclone  
  56  6:57  Marine  
  56  6:58  Marine  
Show
View Real Time Build Order
Export as new Build Order

MorningLtMtn Zerg 

Build Orders: Hatch First 

Get SALT Encoding   

  12  0:02  Drone  
  13  0:08  Drone  
  14  0:36  Hatchery  
  14  0:41  Drone  
  14  0:49  Overlord  
  14  1:08  Spawning Pool  
  13  1:22  Extractor  
  13  1:24  Drone x3  
  15  1:28  Extractor  
  14  1:35  Drone  
  15  1:46  Drone  
  16  2:01  Queen x2  
  20  2:15  Drone  
  21  2:21  Drone  
  21  2:22  Drone  
  23  2:23  Overlord  
  23  2:24  Drone  
  24  2:35  Drone  
  25  2:37  Pneumatized Carapace  
  25  2:47  Overlord  
  25  2:49  Overlord  
  25  2:51  Drone  
  26  3:08  Drone  
  26  3:09  Drone x4  
  31  3:18  Baneling Nest  
  30  3:30  Drone x6  
  30  3:31  Drone  
  37  3:41  Spine Crawler  
  36  3:49  Spine Crawler  
  36  3:51  Metabolic Boost  
  36  3:53  Overlord  
  36  3:54  Drone x2  
  37  4:07  Zergling x10  
  37  4:08  Spore Crawler  
  41  4:15  Spore Crawler  
  40  4:20  Zergling x2  
  40  4:21  Zergling x8  
  45  4:27  Baneling x3  
  45  4:28  Baneling x3  
  45  4:32  Zergling x4  
  47  4:47  Spore Crawler  
  47  4:50  Spore Crawler  
  45  5:15  Spore Crawler  
  44  5:30  Drone x11  
  44  5:33  Extractor  
  54  5:37  Extractor  
  54  5:40  Baneling x2  
  53  6:10  Overlord x4  
  53  6:11  Overlord x3  
  53  6:16  Extractor  
  39  6:26  Zergling x4  
  39  6:43  Zergling x8  
  42  7:00  Zergling x2  
Tags
 
Add a new tag
Caveats
  • Supply blocks, unpowered buildings, or Contaminate may cause inaccurate times.
  • Supply counts are checked every 10 seconds.